 Dungeon Crawl Stone Soup version 0.27.1-34-g3ba077fa99 (webtiles) character file.

Game seed: 3826302129379546961

2 strmdvr the Firebug (level 1, -3/10 HPs)
             Began as a Gargoyle Fire Elementalist on Jan 2, 2022.
             Slain by a quokka (4 damage)
             ... on level 1 of the Dungeon.
             The game lasted 00:01:26 (243 turns).

strmdvr the Firebug (Gargoyle Fire Elementalist)     Turns: 243, Time: 00:01:27

Health: -3/10      AC:  4    Str: 11    XL:     1   Next: 40%
Magic:  2/3        EV: 11    Int: 15    God:
Gold:   13         SH:  0    Dex: 10    Spells: 3/4 levels left

rFire    . . .     SeeInvis .   (no weapon)
rCold    . . .     Faith    .   (no shield)
rNeg     + . .     Spirit   .   a - +0 robe
rPois    ∞         Reflect  .   (no helmet)
rElec    +         Harm     .   (no cloak)
rCorr    .         Rampage  .   (no gloves)
Will     .....                  (no boots)
Stlth    ++........             (no amulet)
HPRegen  0.03/turn              (no ring)
MPRegen  0.08/turn              (no ring)

@: no status effects
A: sickness immunity, AC +2, negative energy resistance 1, electricity
resistance, torment resistance 1, petrification resistance
a: no special abilities


You were on level 1 of the Dungeon.
You visited 1 branch of the dungeon, and saw 1 of its levels.

You collected 13 gold pieces.

Inventory:

Armour
 a - a +0 robe (worn)
Scrolls
 b - a scroll of amnesia {unknown}


   Skills:
 + Level 0.2 Fighting
 - Level 1.5 Dodging
 - Level 2.1 Stealth
 + Level 2.0 Spellcasting
 + Level 1.2 Conjurations
 + Level 3.0 Fire Magic


You had 3 spell levels left.
You knew the following spells:

 Your Spells              Type           Power      Damage    Failure   Level
a - Foxfire               Conj/Fire      28%        2x1d5     10%         1

Your spell library contained the following spells:

 Spells                   Type           Power      Damage    Failure   Level
 Conjure Flame            Conj/Fire      7%         6-21      28%         3
 Inner Flame              Hex/Fire       6%         N/A       34%         3
 Sticky Flame             Conj/Fire      7%         2d3       67%         4
 Fireball                 Conj/Fire      3%         3d4       95%         5


Dungeon Overview and Level Annotations

Branches:
Dungeon (1/15)

Altars:


Innate Abilities, Weirdness & Mutations

You are immune to sickness and miasma.
Your stone body is resilient. (AC +2)
You are immune to poison.
You resist negative energy. (rN+)
You are resistant to electric shocks. (rElec)
You are resistant to unholy torment.
You are immune to petrification.


Message History

HP restored.
Found a stone.
Found a twisted moonstone ring.
A quokka and a kobold come into view.
You conjure some foxfire!
Your foxfire dissipates!
The foxfire hits the quokka.
The quokka is moderately wounded.
You conjure some foxfire!
The foxfire hits the quokka.
The quokka is heavily wounded.
Your foxfire dissipates!
You conjure some foxfire!
The quokka bites you.
You are too depleted to draw on your mana recklessly!
Your foxfire dissipates!
The quokka bites you but does no damage.
You are too depleted to draw on your mana recklessly!
You are too depleted to draw on your mana recklessly!
You barely miss the quokka.
The quokka is moderately wounded.
The quokka barely misses you.
You miss the quokka.
The quokka is moderately wounded.
The quokka closely misses you.
You closely miss the quokka.
The quokka is moderately wounded.
The quokka closely misses you.
The kobold throws a stone.
The stone barely misses you. The quokka bites you.
You closely miss the quokka.
The quokka is moderately wounded.
The quokka completely misses you. The kobold hits you but does no damage.
The quokka bites you.
The kobold throws a stone.
The stone misses you. The quokka bites you.
* * * LOW HITPOINT WARNING * * *
You are too injured to fight recklessly!
You are too injured to fight recklessly!
The quokka barely misses you.
You see here a hobgoblin corpse.
The quokka bites you.
You die...

♣♣♣♣♣♣ ♣♣ ♣♣♣....♣♣♣♣ ♣.♣♣
≈ #####
♣♣.r@♣.....♣♣♣♣...♣≈≈
......#..♣♣♣♣♣.....♣...≈≈≈♣
....(.#†.♣ ♣♣♣♣♣...≈≈≈♣
#...K♣♣ ♣♣≈≈≈≈♣♣ #..#.♣♣♣
♣♣♣≈≈≈♣♣♣
#..##..♣♣♣♣♣♣≈≈≈..♣♣♣ #.
##.....♣♣♣≈♣♣...♣♣♣ #.
###.....♣♣ ♣♣♣...♣♣ #
#.....♣♣ ♣♣♣♣.♣


You could see a quokka.

Vanquished Creatures
  A goblin (D:1)
  A hobgoblin (D:1)
2 creatures vanquished.

Vanquished Creatures (others)
  9 foxfires (D:1)
9 creatures vanquished.

Grand Total: 11 creatures vanquished

Notes
Turn   | Place    | Note
-------+----------+-------------------------------------------
     0 | D:1      | strmdvr the Gargoyle Fire Elementalist began the quest for
                  | the Orb.
     0 | D:1      | Reached XP level 1. HP: 10/10 MP: 3/3
   243 | D:1      | Slain by a quokka

Illustrated notes

Levels and vault maps discovered:
D:1:      kilobyte_arrival_exit_the_forest, layout_basic,
          shapermc_ecumenical_altar_notcrosses, st_stairs_4, minivault_23,
          roderic_nine_men_s_morris

Action                   || total
-------------------------++-------
Melee: Unarmed           ||     4
 Cast: Foxfire           ||     8
Armor: Robe              ||     3
Dodge: Dodged            ||     7
